 Dungeon Sprint DCSS version 0.31.0-32-g396128a36d (webtiles) character file.

Game seed: 6115286909588048045

632 Heoruswealwe the Spear-Bearer (level 7, 0/72 HPs)
             Began as a Minotaur Fighter on Apr 19, 2024.
             Was an Initiate of Gozag.
             Slain by a wyvern (16 damage)
             ... in the Dungeon (Sprint IX: "|||||||||||||||||||||||||||||").
             The game lasted 00:01:31 (192 turns).

Heoruswealwe the Spear-Bearer (Minotaur Fighter)     Turns: 192, Time: 00:01:32

Health: 0/72       AC:  8    Str: 22    XL:     7   Next: 24%
Magic:  6/6        EV:  9    Int:  5    God:    Gozag
Gold:   0          SH:  4    Dex: 10    Spells: 6/6 levels left

rFire   . . .        a - +0 trident
rCold   . . .        d - +0 buckler
rNeg    . . .        c - +0 scale mail
rPois   .            (helmet restricted)
rElec   .            (no cloak)
rCorr   .            (no gloves)
SInv    .            (no boots)
Will    .....        (no amulet) Stlth
                     (no ring)
HPRegen 0.32/turn    (no ring)
MPRegen 0.10/turn

%: no teleportation
@: gold aura
A: horns 2, retaliatory headbutt
a: Renounce Religion, Potion Petition, Call Merchant, Bribe Branch


You were in the Dungeon.
You worshipped Gozag.
Gozag was noncommittal.
You visited 1 branch

Inventory:

Hand Weapons
 a - a +0 trident (weapon)
Armour
 c - a +0 scale mail (worn)
 d - a +0 buckler (worn)
Jewellery
 k - a +3 ring of strength
 l - a +3 ring of strength
Wands
 h - a wand of roots (10)
Scrolls
 j - 2 scrolls of blinking
Potions
 b - a potion of might
 e - 5 potions of curing
 f - 2 potions of heal wounds
 g - a potion of haste
 i - a potion of berserk rage


   Skills:
 + Level 10.1 Fighting
 * Level 13.4 Polearms
 + Level 10.1 Armour
 - Level 3.6 Shields


You had 6 spell levels left.
You didn't know any spells.
Your spell library was empty.

Dungeon Overview and Level Annotations

Branches:
Dungeon (1/1)

Altars:
Cheibriados
Dithmenos
Elyvilon
Fedhas
Gozag
Hepliaklqana
Kikubaaqudgha
Makhleb
Nemelex Xobeh
Okawaru
Qazlal
Ru
Sif Muna
Trog
Uskayaw
Vehumet
Wu Jian
Xom
Yredelemnul
Zin
The Shining One
Jiyva
Lugonu


Innate Abilities, Weirdness & Mutations

You have a pair of horns on your head.
You reflexively headbutt those who attack you in melee.


Message History

You destroy the vampire mosquito!
You have reached level 7!
You closely miss the kobold brigand.
The kobold brigand is distracted by your dazzling golden aura.
The kobold brigand shouts!
You puncture the kobold brigand!
The kobold brigand is no longer distracted by gold.
You headbutt the kobold brigand.
The kobold brigand is almost dead.
You barely miss the kobold brigand. You headbutt the kobold brigand.
You kill the kobold brigand!
Your Fighting skill increases to level 10!
Your Polearms skill increases to level 13!
Your Armour skill increases to level 10!
Something hits you.
There is an open door to the Dungeon, spattered with blood here.
Items here: $ ( )).
You hit something.
You hear some strange, mumbled words.
A magic dart appears from out of thin air!
The magic dart hits you!
* * * LOW HITPOINT WARNING * * *
You impale something!!
Reactivating autopickup.
You feel a bit more experienced.
You barely miss the wyvern. You headbutt the wyvern!
The wyvern is heavily wounded.
The wyvern barely misses you. You furiously retaliate!
You headbutt the wyvern.
The wyvern bites you but does no damage.
You hit the wyvern but do no damage.
You headbutt the wyvern, but do no damage.
The wyvern is heavily wounded.
You barely miss the wyvern. Your headbutt misses the wyvern.
The wyvern is heavily wounded.
The wyvern barely misses you.
You barely miss the wyvern.
The wyvern is heavily wounded.
The wyvern bites you!
You die...
Your body crumbles into a pile of gold.

▓+▓
▓.▓
▓.▓
▓.▓
▓.▓
▓.▓
▓k▓
▓@▓
▓.▓
▓.▓
▓[▓
▓[▓
▓[▓
▓.▓
▓)▓
▓?▓


You could see a wyvern.

Vanquished Creatures
  2 vampire mosquitoes (D)
  A black bear (D)
  An ogre (D)
  A centaur (D)
  A kobold brigand (D)
  A hound (D)
  An orc wizard (D)
  A dart slug (D)
  2 orcs (D)
  A kobold (D)
  A frilled lizard (D)
  A goblin (D)
  A rat (D)
15 creatures vanquished.

Notes
Turn   | Place    | Note
-------+----------+-------------------------------------------
     0 | D        | Heoruswealwe the Minotaur Fighter began the quest for the
                  | Orb.
     0 | D        | Reached XP level 1. HP: 19/19 MP: 0/0
    13 | D        | Reached skill level 3 in Polearms
    25 | D        | Noticed an ogre
    25 | D        | Noticed a hound
    25 | D        | Noticed a black bear
    32 | D        | Killed a black bear
    33 | D        | Reached skill level 7 in Polearms
    33 | D        | Reached XP level 2. HP: 15/31 MP: 1/1
    33 | D        | Reached XP level 3. HP: 19/38 MP: 2/2
    33 | D        | Reached XP level 4. HP: 23/45 MP: 3/3
    97 | D        | HP: 2/45 [ogre/+0 giant spiked club (23)]
    99 | D        | Killed an ogre
   100 | D        | Reached skill level 9 in Polearms
   100 | D        | Reached XP level 5. HP: 37/52 MP: 4/4
   104 | D        | Reached skill level 10 in Polearms
   116 | D        | Found a snail-covered altar of Cheibriados.
   116 | D        | Found a shadowy altar of Dithmenos.
   116 | D        | Found a white marble altar of Elyvilon.
   116 | D        | Found a blossoming altar of Fedhas.
   116 | D        | Found an opulent altar of Gozag.
   117 | D        | Found a hazy altar of Hepliaklqana.
   118 | D        | Found a viscous altar of Jiyva.
   119 | D        | Found an ancient bone altar of Kikubaaqudgha.
   120 | D        | Found a corrupted altar of Lugonu.
   121 | D        | Found a burning altar of Makhleb.
   122 | D        | Found a sparkling altar of Nemelex Xobeh.
   123 | D        | Found an iron altar of Okawaru.
   124 | D        | Became a worshipper of Gozag Ym Sagoz the Greedy
   125 | D        | Found a stormy altar of Qazlal.
   126 | D        | Found a sacrificial altar of Ru.
   127 | D        | Found a shimmering blue altar of Sif Muna.
   128 | D        | Found a bloodstained altar of Trog.
   129 | D        | Found a hide-covered altar of Uskayaw.
   130 | D        | Found a radiant altar of Vehumet.
   131 | D        | Found an ornate altar of the Wu Jian Council.
   132 | D        | Found a shimmering altar of Xom.
   133 | D        | Found a basalt altar of Yredelemnul.
   134 | D        | Found a glowing silver altar of Zin.
   135 | D        | Found a glowing golden altar of the Shining One.
   160 | D        | Noticed a wyvern
   160 | D        | Noticed a vampire mosquito
   160 | D        | Noticed a vampire mosquito
   160 | D        | Noticed a centaur
   167 | D        | Killed a centaur
   168 | D        | Reached skill level 11 in Polearms
   168 | D        | Reached XP level 6. HP: 45/62 MP: 5/5
   173 | D        | Killed a vampire mosquito
   174 | D        | Reached skill level 12 in Polearms
   182 | D        | Killed a vampire mosquito
   183 | D        | Reached XP level 7. HP: 24/71 MP: 6/6
   186 | D        | Reached skill level 10 in Fighting
   186 | D        | Reached skill level 13 in Polearms
   186 | D        | Reached skill level 10 in Armour
   192 | D        | Slain by a wyvern

Illustrated notes

Levels and vault maps discovered:
D:        linesprint [early_d, line_temple, items_1, d_10, items_2, lair_1,
          lair_end, items_3, orc_1, orc_end, items_4, d_15, swamp_1, shoals_1,
          snake_1, spider_1, d_20, vaults_1, items_5, swamp_end, shoals_end,
          snake_end, spider_end, vaults_end, d_27, items_6, zot_1, zot_end,
          crypt_end, forest_end, elf_end, slime_end, tomb_end, abyss_end,
          pan_hell_end]

Skill      XL: |  1  2  3  4  5  6  7 |
---------------+----------------------+-----
Polearms       | 7 9 11 12 13 | 13.4
Fighting       | 6 7 8 9 10 | 10.1
Armour         | 6 7 8 9 10 | 10.1
Shields        | |  3.6

Action                     |  1- 3 |  4- 6 |  7- 9 || total
---------------------------+-------+-------+-------++-------
  Melee: Trident           |    22 |    38 |     9 ||    69
         Headbutt          |     2 |     2 |     4 ||     8
    Use: Potion            |       |     1 |       ||     1
   Stab: Distracted        |       |     1 |       ||     1
 Armour: Scale mail        |    14 |    23 |     4 ||    41
  Dodge: Dodged            |    13 |    17 |     2 ||    32
  Block: Buckler           |     7 |     2 |       ||     9
